 Dungeon Crawl Stone Soup version 0.31.0-12-g77e489cdc1 (webtiles) character file.

Game seed: 18185950332808587909

39 BigDaddyOpFi the Trooper (level 3, -5/60 HPs)
             Began as an Oni Fighter on Feb 22, 2024.
             Slain by Crazy Yiuf
             ... wielding a +4 quarterstaff of chaos
              (8 damage)
             ... on level 2 of the Dungeon.
             The game lasted 00:01:35 (1734 turns).

BigDaddyOpFi the Trooper (Oni Fighter)              Turns: 1734, Time: 00:01:36

Health: -5/60      AC: 21    Str: 22    XL:     3   Next: 47%
Magic:  0/3        EV:  1    Int:  9    God:
Gold:   124        SH:  7    Dex:  8    Spells: 2/2 levels left

rFire   . . .        a - +1 war axe
rCold   . . .        c - +0 kite shield
rNeg    . . .        b - melded +0 robe
rPois   +            (helmet currently unavailable)
rElec   .            (cloak currently unavailable)
rCorr   .            (gloves unavailable)
SInv    .            (boots unavailable)
Will    .....        l - amulet of guardian spirit
Stlth   +            (no ring)
HPRegen 0.30/turn    (no ring)
MPRegen 0.08/turn

%: guardian spirit
@: mighty, tree-form, slowed, very slow
A: stationary, stasis, torment immunity, boosted hp, large, unfitting armour,
(horns 1), (tough skin 1), double potion healing, drunken brawling
a: no special abilities


You were on level 2 of the Dungeon.
You were a tree.
You visited 1 branch of the dungeon, and saw 2 of its levels.

You collected 124 gold pieces.

Inventory:

Hand Weapons
 a - a +1 war axe (weapon)
Armour
 b - a +0 robe (melded)
 c - a +0 kite shield (worn)
Jewellery
 l - an amulet of guardian spirit (around neck)
Scrolls
 f - 2 scrolls of noise
Potions
 d - a potion of might
 g - a potion of mutation
 h - 2 potions of lignification
 i - a potion of haste
 m - a potion of brilliance {unknown}
 n - a potion of curing {unknown}


   Skills:
 + Level 4.5 Fighting
 * Level 2.5 Axes
 + Level 3.0 Dodging
 + Level 3.0 Shields


You had 2 spell levels left.
You didn't know any spells.
Your spell library was empty.

Dungeon Overview and Level Annotations

Branches:
Dungeon (2/15)

Altars:
Trog

Annotations:
D:2 Crazy Yiuf


Innate Abilities, Weirdness & Mutations

You are a tree.
Your roots penetrate the ground, keeping you stationary.
You cannot be teleported.
You are immune to unholy pain and torment.
Your maximum health is greatly increased.
Your equipment is partially melded.
You are too large for most types of armour.
((You have a pair of small horns on your head.))
((You have tough skin. (AC +1)))
You gain doubled healing and magic from potions.
Whenever you drink a healing potion, you attack all around you.


Message History

Could not explore, unopened runed door.
No reachable target in view!
Key pressed, stopping explore.
No reachable target in view!
You open the door. You barely miss Crazy Yiuf. Your headbutt misses Crazy Yiuf.
Crazy Yiuf barely misses you.
You barely miss Crazy Yiuf.
Crazy Yiuf hits you with a +4 quarterstaff of chaos.
The Crazy Yiuf's quarterstaff of chaos hits you.
You are caught in a web!
Crazy Yiuf hits you with a +4 quarterstaff of chaos!
You feel yourself slow down.
You are caught in a web!
The web tears apart.
Crazy Yiuf hits you with a +4 quarterstaff of chaos!
* * * LOW HITPOINT WARNING * * *
You feel your power leaking away.
You turn into a tree.
Your +0 robe melds into your body.
Your roots penetrate the ground.
Crazy Yiuf hits you with a +4 quarterstaff of chaos.
* * * LOW HITPOINT WARNING * * *
Crazy Yiuf burns you.
* * * LOW HITPOINT WARNING * * *
Crazy Yiuf cries, "Paint cloud verde!"
Crazy Yiuf hits you with a +4 quarterstaff of chaos.
* * * LOW HITPOINT WARNING * * *
Unknown command.
Sorry, you're not good enough to have a special ability.
You feel very mighty all of a sudden.
Crazy Yiuf hits you with a +4 quarterstaff of chaos.
* * * LOW HITPOINT WARNING * * *
Unknown command.
You barely miss Crazy Yiuf.
Crazy Yiuf hits you with a +4 quarterstaff of chaos.
* * * LOW HITPOINT WARNING * * *
Crazy Yiuf burns you.
* * * LOW HITPOINT WARNING * * *
Crazy Yiuf hits you with a +4 quarterstaff of chaos!
You die...

#'######.###.#.#
.............#.#
........###..#.#
........# ######
........#
........##♣♣♣♣♣
............♣.♣♣♣ ###
#'#####......♣..♣#...#
#.####......♣♣♣♣♣g...#
#.#........♣♣ ♣♣#..)#
#.#.##.###♣♣ ###
#.#.##.# ....##.#
..####.# ###
..####.###.#
.....#.....#
####.#######


You could see Crazy Yiuf.

Vanquished Creatures
  A dart slug (D:1)
  2 ribbon worms (D:2)
  3 bats
  An endoplasm (D:2)
  2 giant cockroaches
  3 goblins
  3 hobgoblins (D:1)
  4 jackals (D:2)
  A ball python (D:1)
  9 frilled lizards
  2 kobolds
  A rat (D:1)
32 creatures vanquished.

Notes
Turn   | Place    | Note
-------+----------+-------------------------------------------
     0 | D:1      | BigDaddyOpFi the Oni Fighter began the quest for the Orb.
     0 | D:1      | Reached XP level 1. HP: 24/24 MP: 1/1
    25 | D:1      | Reached XP level 2. HP: 25/32 MP: 2/2
   532 | D:1      | Found a faded altar of an unknown god.
   912 | D:2      | Reached XP level 3. HP: 40/40 MP: 3/3
   984 | D:2      | Found a bloodstained altar of Trog.
  1375 | D:2      | Found a runed translucent door.
  1376 | D:2      | Noticed Crazy Yiuf
  1734 | D:2      | HP: 3/60 [Crazy Yiuf/+4 quarterstaff of chaos (1)]
  1734 | D:2      | Slain by Crazy Yiuf

Illustrated notes

Levels and vault maps discovered:
D:1:      ldierk_walled_garden_2, layout_basic,
          shapermc_ecumenical_altar_totnotflames, minmay_lizard_pond
D:2:      layout_basic, basic_altar, interstate_on_off, uniq_crazy_yiuf_cottage

Skill      XL: |  1  2 |
---------------+-------+-----
Dodging        | 3 |  3.0
Shields        | 3 |  3.0
Fighting       | |  4.5
Axes           | |  2.5

Action                     || total
---------------------------++-------
  Melee: War axe           ||    69
         Headbutt          ||    10
    Use: Scroll            ||     6
         Potion            ||     2
 Armour: Robe              ||    48
         Skin              ||     5
  Dodge: Dodged            ||    31
  Block: Kite shield       ||    36
